 Dungeon Crawl Stone Soup version 0.29.1-12-g30fa7ad0bf (webtiles) character file.

Game seed: 9490213966754177592

1701 hawla the Frost Mage (level 9, -2/79 (96) HPs)
             Began as a Meteoran Ice Elementalist on Dec 22, 2022.
             Was an Initiate of Vehumet.
             Slain by a wight
             ... wielding a +0 battleaxe
              (4 damage)
             ... on level 7 of the Dungeon.
             The game lasted 00:11:22 (2273 turns).

hawla the Frost Mage (Meteoran Ice Elementalist)    Turns: 2273, Time: 00:11:23

HP:   -2/79 (96)    AC:  7    Str: 10    XL:     9   Next: 47%
MP:   22/22         EV: 13    Int: 21    God:    Vehumet [......]
Gold: 304           SH:  0    Dex: 15    Spells: 16/24 levels left

rFire   . . .      SeeInvis .   i - staff of conjuration
rCold   . . .      Faith    .   (no shield)
rNeg    . . .      Spirit   .   a - +0 robe
rPois   +          Reflect  .   (no helmet)
rElec   .          Harm     .   d - +2 cloak
rCorr   .          Rampage  .   k - +0 pair of gloves
Will    +....                   f - +0 pair of boots
Stlth   ..........              (no amulet)
HPRegen 0.23/turn               m - ring of poison resistance
MPRegen 0.18/turn               (no ring)

@: berserking, glowing, heavily drained, very quick
A: sense surroundings 2, otherworldly, glowing, explore regen
a: Renounce Religion


You were on level 7 of the Dungeon.
You worshipped Vehumet.
Vehumet was noncommittal.
You visited 2 branches of the dungeon, and saw 8 of its levels.

You collected 304 gold pieces.

Inventory:

Armour
 a - a +0 robe (worn)
 d - a +2 cloak (worn)
 f - a +0 pair of boots (worn)
 k - a +0 pair of gloves (worn)
Magical Staves
 i - a staff of conjuration (weapon)
Jewellery
 m - a ring of poison resistance (left hand)
Scrolls
 h - 3 scrolls of identify
 j - a scroll of amnesia
 n - 2 scrolls of teleportation
 o - a scroll of enchant weapon
Potions
 b - a potion of magic
 c - a potion of flight
 e - a potion of curing
 g - a potion of cancellation
 p - a potion of degeneration {unknown}
 q - a potion of might {unknown}


   Skills:
 + Level 1.2 Fighting
 + Level 0.5 Staves
 + Level 3.6 Dodging
 - Level 1.4 Stealth
 + Level 8.2 Spellcasting
 + Level 6.2 Conjurations
 + Level 8.3 Ice Magic
 + Level 2.0 Evocations


You had 16 spell levels left.
You knew the following spells:

 Your Spells              Type           Power      Damage    Failure   Level
a - Freeze                Ice            100%       1d11      1%          1
b - Frozen Ramparts       Ice            86%        1d13      1%          3
c - Hailstorm             Conj/Ice       56%        3d12      3%          4

Your spell library contained the following spells:

 Spells                   Type           Power      Damage    Failure   Level
 Ozocubu's Armour         Ice            43%        N/A       1%          3
 Metabolic Englaciation   Hex/Ice        13%        N/A       36%         5
 Petrify                  Tmut/Erth      8%         N/A       61%         4
 Statue Form              Tmut/Erth      5%         N/A       100%        6


Dungeon Overview and Level Annotations

Branches:
Dungeon (7/15) Zot: 2162   Temple (1/1) D:6 Zot: 373

Altars:
Ashenzari
Cheibriados
Dithmenos
Elyvilon
Fedhas
Gozag
Hepliaklqana
Kikubaaqudgha
Makhleb
Nemelex Xobeh
Okawaru
Qazlal
Ru
Sif Muna
Trog
Uskayaw
Vehumet
Wu Jian
Xom
Yredelemnul
Zin
The Shining One


Innate Abilities, Weirdness & Mutations

You passively map the area around you.
You are easily found by Zot.
You glow in the dark.
You regain HP and MP as you explore.


Message History

Things that are here:
a +2 war axe; a +0 robe You hit the wight but do no damage.
The wight hits you with a +0 battleaxe!
You feel drained.
You barely miss the wight. The wight hits you with a +0 battleaxe!
You feel drained.
You barely miss the wight. The wight hits you with a +0 battleaxe.
You hit the wight but do no damage. The wight closely misses you.
You hit the wight but do no damage. The wight hits you with a +0 battleaxe!
You feel drained. The wight barely misses you.
You hit the wight but do no damage. The wight hits you with a +0 battleaxe.
The wight attacks as you move away! The wight barely misses you.
Okay, then.
It was a potion of cancellation.
You feel magically purged. The wight hits you with a +0 battleaxe!
You feel drained.
It was a potion of berserk rage.
A red film seems to cover your vision as you go berserk!
You feel yourself moving faster!
You feel mighty! The wight closely misses you.
You barely miss the wight. The wight barely misses you.
You hit the wight.
The wight is moderately damaged.
You closely miss the wight.
The wight is moderately damaged.
The wight hits you with a +0 battleaxe!
* * * LOW HITPOINT WARNING * * *
You feel drained.
* * * LOW HITPOINT WARNING * * *
You hit the wight.
The wight is heavily damaged.
The wight closely misses you.
You closely miss the wight.
The wight is heavily damaged.
The wight hits you with a +0 battleaxe.
* * * LOW HITPOINT WARNING * * *
You hit the wight but do no damage.
You blast the wight.
The wight is heavily damaged.
The wight hits you with a +0 battleaxe!
* * * LOW HITPOINT WARNING * * *
You feel drained.
You die...

,,,,,,,....,~~~~~,.#
**,
,,,,,,,,....,,,,,..#
***** **
*,,,,,,,,.>.#****..#
*,,>****
**,,,,,,**#..#* *..#
**,,,,,,,
***,,,,,***#..###.#*
*#.,****** *
*****.,***#.....#
*#.#** *#.,* *#)[..#
*#.#* *#.**
##z..####.#*
*#.####.@.##..#*
#............#
##...........#
*#............##
******#..............##
*
*,,,,.......######....#
** *,,,,......#* ##...#
*, **,**##...#*
#####...# *, *** ##..*
##.......# **


You could see a wight.

Vanquished Creatures
  Sigmund (D:6)
  Eustachio (D:6)
  A steam dragon (D:6)
  Menkaure (D:6)
  A sky beast (D:6)
  2 ogres (D:6)
  2 centaurs
  A kobold brigand (D:7)
  A scorpion (D:4)
  A wight (D:7)
  A gnoll bouda (D:5)
  A hound (D:4)
  3 jellies (D:6)
  3 iguanas (D:5)
  3 orc wizards
  A statue (D:4)
  3 gnolls (D:5)
  5 adders
  2 white imps
  2 ufetubi (D:6)
  A dart slug (D:2)
  11 orcs
  3 endoplasms
  A giant cockroach (D:3)
  A goblin (D:3)
  A hobgoblin (D:4)
  4 jackals
  A quokka (D:5)
  A bat (D:1)
  10 kobolds
70 creatures vanquished.

Vanquished Creatures (collateral kills)
  A scorpion (D:6)
  A shadow imp (D:6)
  A white imp (D:6)
3 creatures vanquished.

Vanquished Creatures (others)
  A fungus (D:5)
  4 toadstools (D:5)
5 creatures vanquished.

Grand Total: 78 creatures vanquished

Notes
Turn   | Place    | Note
-------+----------+-------------------------------------------
     0 | D:1      | hawla the Meteoran Ice Elementalist began the quest for the
                  | Orb.
     0 | D:1      | Reached XP level 1. HP: 14/14 MP: 5/5
    48 | D:2      | Reached XP level 2. HP: 17/20 MP: 2/6
    81 | D:2      | Reached skill level 5 in Ice Magic
   132 | D:3      | Reached XP level 3. HP: 26/26 MP: 6/8
   140 | D:3      | Learned a level 3 spell: Frozen Ramparts
   306 | D:4      | Reached XP level 4. HP: 21/33 MP: 0/9
   342 | D:4      | Noticed a scorpion
   349 | D:4      | Killed a scorpion
   350 | D:4      | Reached XP level 5. HP: 38/38 MP: 4/12
   357 | D:4      | Learned a level 4 spell: Hailstorm
   413 | D:4      | Found a bloodstained altar of Trog.
   418 | D:4      | Found a shimmering blue altar of Sif Muna.
   419 | D:4      | Found a shadowy altar of Dithmenos.
   424 | D:4      | Reached skill level 1 in Conjurations
   427 | D:4      | Found a basalt altar of Yredelemnul.
   427 | D:4      | Found a stormy altar of Qazlal.
   428 | D:4      | Found a sacrificial altar of Ru.
   430 | D:4      | Found a broken altar of Ashenzari.
   477 | D:4      | Reached XP level 6. HP: 45/45 MP: 11/13
   583 | D:4      | Found a radiant altar of Vehumet.
   614 | D:5      | Entered Level 5 of the Dungeon
   732 | D:5      | Noticed a centaur
   740 | D:5      | Killed a centaur
   741 | D:5      | Reached skill level 5 in Conjurations
   741 | D:5      | Reached XP level 7. HP: 14/50 MP: 6/14
  1074 | D:6      | Noticed Eustachio
  1092 | D:6      | Killed Eustachio
  1093 | D:6      | Reached skill level 5 in Spellcasting
  1093 | D:6      | Reached XP level 8. HP: 40/58 MP: 3/16
  1214 | D:6      | Noticed Sigmund
  1219 | D:6      | Killed Sigmund
  1253 | D:6      | Noticed a steam dragon
  1260 | D:6      | Killed a steam dragon
  1264 | D:6      | Reached skill level 1 in Fighting
  1266 | D:6      | Gained mutation: You passively map the area around you.
                  | [Meteoran growth]
  1266 | D:6      | Reached XP level 9. HP: 50/64 MP: 1/20
  1268 | D:6      | Noticed Menkaure
  1287 | D:6      | Killed Menkaure
  1302 | D:6      | Found a staircase to the Ecumenical Temple.
  1361 | Temple   | Entered the Ecumenical Temple
  2126 | D:4      | Became a worshipper of Vehumet
  2273 | D:7      | HP: 2/82 [wight/+0 battleaxe (12)]
  2273 | D:7      | Slain by a wight

Illustrated notes

Levels and vault maps discovered:
D:1:      tarquinn_simple_flora_water_f, layout_basic,
          shapermc_ecumenical_altar_mp_vishouse
D:2:      layout_basic, serial_shops, shop
D:3:      layout_basic, chequers_serial_rivers_micro_d, minmay_misc_feat_roman,
          uniq_terence
D:4:      layout_rooms, vehumet_statue, nicolae_overflow_hallway_of_the_gods
D:5:      layout_loops_ring, minmay_gold_behind_fungi
D:6:      kennysheep_spiral_hall, layout_cave_pools,
          minmay_temple_entry_antechambers, serial_bayou_pond_c, uniq_sigmund,
          uniq_menkaure, uniq_eustachio
D:7:      layout_layer_cave, enter_bailey_5
Temple:   dpeg_chambers_temple

Skill      XL: |  1  2  3  4  5  6  7  8  9 |
---------------+----------------------------+-----
Ice Magic      | 5 6 7 8 |  8.3
Spellcasting   | 3 4 5 6 8 |  8.2
Conjurations   | 2 5 6 |  6.2
Dodging        | 3 |  3.6
Evocations     | 2 |  2.0
Fighting       | 1 |  1.2
Staves         | |  0.5
Stealth        | |  1.4

Action                   |  1- 3 |  4- 6 |  7- 9 || total
-------------------------+-------+-------+-------++-------
Melee: Unarmed           |       |     2 |       ||     2
       Staff             |       |     9 |    19 ||    28
 Cast: Freeze            |    21 |    23 |    34 ||    78
       Frozen Ramparts   |     1 |     8 |    15 ||    24
       Hailstorm         |       |     1 |    16 ||    17
Evoke: Wand              |       |     2 |       ||     2
  Use: Potion            |       |     3 |     3 ||     6
       Scroll            |       |       |    10 ||    10
Armor: Robe              |     3 |    11 |    34 ||    48
Dodge: Dodged            |     6 |    18 |    47 ||    71
